 Dungeon Crawl Stone Soup version 0.23-a0-407-g92528d7 (webtiles) character file.

2979 CanOfBees the Zephyrmancer (level 9, -4/50 HPs)
             Began as a Tengu Air Elementalist on Nov 7, 2018.
             Was an Initiate of Sif Muna.
             Slain by an orc warrior
             ... wielding a +0 short sword
              (10 damage)
             ... on level 7 of the Dungeon.
             The game lasted 00:27:56 (12725 turns).

CanOfBees the Zephyrmancer (TeAE)                  Turns: 12725, Time: 00:27:57

Health: -4/50      AC:  5    Str:  9    XL:     9   Next: 82%
Magic:  1/20       EV: 14    Int: 22    God:    Sif Muna [......]
Gold:   359        SH:  0    Dex: 14    Spells: 1/21 levels left

rFire    + + .     SeeInvis +   I - +1 flail "Wihajyq" {crush, rF+ Int+3 SInv}
rCold    + . .     Gourm    .   (no shield)
rNeg     . . .     Faith    +   a - +1 robe
rPois    .         Spirit   .   (helmet restricted)
rElec    .         Reflect  .   y - scarf {rC+ rF+}
rCorr    .         Harm     .   n - +1 pair of gloves
MR       .....                  (boots unavailable)
Stlth    ++........             x - amulet of faith
HPRegen  0.16/turn              (no ring)
MPRegen  0.17/turn              (no ring)

@: very slightly contaminated
A: beak, talons 3, able to fly 1
a: Fly, Renounce Religion


You were on level 7 of the Dungeon.
You worshipped Sif Muna.
Sif Muna was noncommittal.
You were near starving.

You visited 2 branches of the dungeon, and saw 9 of its levels.

You collected 359 gold pieces.

Inventory:

Hand Weapons
 j - a +5 short sword of speed
 o - a +0 spear
 v - a +3 short sword
 z - a +0 spear of venom
 I - the +1 flail "Wihajyq" (weapon) {crush, rF+ Int+3 SInv}
   (You took it off an orc on level 7 of the Dungeon)

   It inflicts extra damage upon your enemies.
   It affects your intelligence (+3).
   It protects you from fire.
   It lets you see invisible.
 L - a +0 blowgun
Missiles
 b - 220 stones
 g - 101 arrows
 m - 60 poisoned needles
 F - 6 javelins (quivered)
Armour
 a - a +1 robe (worn)
 n - a +1 pair of gloves (worn)
 y - a scarf of resistance (worn)
Jewellery
 x - an amulet of faith (around neck)
 J - an uncursed amulet of magic regeneration {unknown}
Wands
 B - a wand of iceblast (5)
 C - a wand of flame (29)
 D - a wand of paralysis (6)
 E - a wand of polymorph (7)
 G - a wand of digging (4)
Scrolls
 f - 5 scrolls of remove curse
 h - 3 scrolls of amnesia
 i - 8 scrolls of teleportation
 l - 5 scrolls of immolation
 H - a scroll of brand weapon {unknown}
Potions
 d - a potion of invisibility {unknown}
 e - a potion of cancellation {unknown}
 p - a potion of might
 r - 2 potions of brilliance
 s - 3 potions of curing
 u - 2 potions of heal wounds
 w - a potion of agility {unknown}
 A - a potion of degeneration
Comestibles
 c - 16 rations


   Skills:
 - Level 3.1 Fighting
 - Level 4.0 Dodging
 - Level 2.0 Stealth
 + Level 6.9 Spellcasting
 - Level 8.5 Conjurations
 + Level 2.6 Summonings
 + Level 1.6 Transmutations
 * Level 9.8 Air Magic
 + Level 1.1 Invocations


You had one spell level left.
You knew the following spells:

 Your Spells              Type           Power        Failure   Level  Hunger
a - Shock                 Conj/Air       ####         1%          1    None
b - Static Discharge      Conj/Air       #####...     1%          3    None
c - Airstrike             Air            ######....   1%          4    ###....
d - Lightning Bolt        Conj/Air       #####.....   5%          5    #####..
e - Call Imp              Summ           ###.....     4%          2    None
f - Conjure Flame         Conj/Fire      ####....     4%          3    None
g - Sticks to Snakes      Tmut           ##......     6%          2    None

Your spell library contained the following spells:

 Spells                   Type           Power        Failure   Level  Hunger
 Magic Dart               Conj           ####         1%          1    None
 Summon Small Mammal      Summ           ###.         2%          1    None
 Beastly Appendage        Tmut           ##....       4%          1    None
 Swiftness                Chrm/Air       ####....     1%          2    None
 Mephitic Cloud           Conj/Pois/Air  ####....     1%          3    None
 Summon Lightning Spire   Summ/Air       #####...     6%          4    ###....
 Call Canine Familiar     Summ           ###.....     9%          3    None
 Blink                    Tloc           N/A          13%         2    None
 Slow                     Hex            #.......     13%         2    None
 Summon Guardian Golem    Hex/Summ       ##......     14%         3    None
 Spider Form              Tmut/Pois      ##........   19%         3    None
 Summon Ice Beast         Ice/Summ       ##......     43%         4    ###....
 Ice Form                 Ice/Tmut       ##......     52%         4    ###....
 Blade Hands              Tmut           ##........   75%         5    #####..


Dungeon Overview and Level Annotations

Branches:
Dungeon (8/15)             Temple (1/1) D:7
   Lair: D:8-11

Altars:
Ashenzari
Dithmenos
Elyvilon
Fedhas
Gozag
Hepliaklqana
Kikubaaqudgha
Makhleb
Nemelex Xobeh
Okawaru
Qazlal
Ru
Sif Muna
Trog
Uskayaw
Vehumet
Wu Jian
Xom
Zin
The Shining One

Annotations:
D:6 3 runed doors, quirkyturtle's ghost, novice GnWn


Innate Abilities, Weirdness & Mutations

You have a beak for a mouth.
You have claws for feet.
You can fly.


Message History

The puff of frost hits the orc warrior.
Your crimson imp closely misses the orc warrior.
The orc warrior closely misses you.
Your white imp gestures at the orc warrior.
The puff of frost hits the orc warrior.
Your crimson imp blinks!
You hit the orc warrior but do no damage.
The orc warrior is heavily wounded.
You are near starving!
The orc warrior hits you with a +0 short sword.
Your white imp gestures at the orc warrior.
The puff of frost misses the orc warrior.
You barely miss the orc warrior. You claw the orc warrior.
The orc warrior is heavily wounded.
The orc warrior hits you with a +0 short sword!!
* * * LOW HITPOINT WARNING * * *
Your white imp barely misses the orc warrior.
Your crimson imp blinks!
The orc warrior hits you with a +0 short sword!
You die...

..+.........## #.....#.....†.....
..#########..###.###############.
..'..............>.........>.# #.
..##########..##..##########.# #.
..# ##.##.............# #. ..#
#.#....5.........# #. ..#
#.#...........[..# #. ..#
#.#..............# #. ###
#...@5§..........# #.
##.§.o...........# #.
#...............# #. #
#...............# #. #
#######..............# #. #
#.........############ #. #
#......#..# #. # #......#..#
##########. # #......##.##
#..........


You could see an orc warrior, a friendly crimson imp and a friendly white imp.

Vanquished Creatures
  A manticore (D:8)
  Prince Ribbit (D:5)
  A hungry ghost (D:7)
  A hornet zombie (D:5)
  A sky beast (D:5)
  An ice beast (D:6)
  A phantom (D:4)
  6 ogres
  A centaur (D:5)
  Blork the orc (D:5)
  4 scorpions
  3 crimson imps
  A bullfrog zombie (D:5)
  2 orc wizards (D:6)
  3 hounds
  2 jellies
  An orc priest (D:8)
  A bullfrog skeleton (D:5)
  An iguana (D:6)
  Ijyb (D:3)
  8 worker ants
  A hound zombie (D:8)
  A hound skeleton (D:5)
  A worker ant zombie (D:7)
  9 gnolls
  9 adders
  A shadow imp (D:7)
  An ooze (D:5)
  An adder zombie (D:7)
  An adder skeleton (D:7)
  4 worms
  3 dart slugs
  3 leopard geckos
  23 orcs
  4 giant cockroaches
  11 goblins
  9 hobgoblins
  11 jackals
  3 quokkas
  A ball python (D:1)
  12 bats
  7 frilled lizards
  8 kobolds
  A leopard gecko skeleton (D:7)
  8 rats
175 creatures vanquished.

Vanquished Creatures (collateral kills)
  A scorpion (D:8)
1 creature vanquished.

Grand Total: 176 creatures vanquished

Notes
Turn   | Place    | Note
-------+----------+-------------------------------------------
     0 | D:1      | CanOfBees the Tengu Air Elementalist began the quest for
                  | the Orb.
     0 | D:1      | Reached XP level 1. HP: 10/10 MP: 4/4
   340 | D:1      | Reached XP level 2. HP: 14/16 MP: 3/6
   833 | D:1      | Found a glowing golden altar of the Shining One.
  1050 | D:1      | Reached XP level 3. HP: 20/20 MP: 3/7
  1335 | D:1      | Reached skill level 1 in Fighting
  2739 | D:2      | Learned a level 3 spell: Static Discharge
  2826 | D:2      | Found a sacrificial altar of Ru.
  3081 | D:2      | Reached XP level 4. HP: 25/25 MP: 5/8
  3176 | D:3      | Learned a level 4 spell: Airstrike
  3276 | D:3      | Noticed Ijyb
  3283 | D:3      | Paralysed by Ijyb for 6 turns
  3307 | D:3      | Killed Ijyb
  3470 | D:3      | Found a bloodstained altar of Trog.
  3675 | D:3      | Gained mutation: You can fly. [Tengu growth]
  3675 | D:3      | Reached XP level 5. HP: 30/30 MP: 6/10
  3893 | D:3      | Reached skill level 5 in Air Magic
  4348 | D:3      | Found a white marble altar of Elyvilon.
  5105 | D:4      | Found a burning altar of Makhleb.
  5105 | D:4      | Found a shimmering altar of Xom.
  5119 | D:4      | Reached XP level 6. HP: 33/35 MP: 3/12
  5910 | D:4      | Noticed a phantom
  5933 | D:4      | Killed a phantom
  6087 | D:5      | Entered Level 5 of the Dungeon
  6092 | D:5      | Reached XP level 7. HP: 34/40 MP: 12/14
  6490 | D:4      | Learned a level 5 spell: Lightning Bolt
  6493 | D:5      | Reached skill level 6 in Air Magic
  6569 | D:5      | Reached skill level 5 in Conjurations
  6586 | D:5      | Noticed Blork the orc
  7105 | D:5      | Reached skill level 5 in Spellcasting
  7226 | D:5      | Reached XP level 8. HP: 46/46 MP: 13/16
  7255 | D:5      | Killed Blork the orc
  7283 | D:5      | Reached skill level 7 in Air Magic
  7909 | D:5      | Noticed Prince Ribbit
  8024 | D:5      | Killed Prince Ribbit
  8668 | D:6      | Found a shadowy altar of Dithmenos.
  8690 | D:6      | HP: 1/46 [adder (4)]
  9313 | D:6      | Reached skill level 8 in Air Magic
  9431 | D:6      | Reached XP level 9. HP: 50/50 MP: 5/19
  9724 | D:6      | Found an iron altar of Okawaru.
  9940 | D:6      | Found a runed gate.
  9944 | D:6      | Found a runed gate.
  9945 | D:6      | Found a runed gate.
  9949 | D:6      | Noticed quirkyturtle's ghost (novice GnWn)
 10174 | D:6      | Found a glowing silver altar of Zin.
 10175 | D:6      | Found an opulent altar of Gozag.
 10386 | D:7      | Found an ornate altar of the Wu Jian Council.
 10621 | D:7      | Reached skill level 9 in Air Magic
 10917 | D:7      | Learned a level 2 spell: Call Imp
 10921 | D:7      | Learned a level 3 spell: Conjure Flame
 11155 | D:5      | Learned a level 2 spell: Sticks to Snakes
 11750 | D:7      | Reached skill level 1 in Summonings
 11750 | D:7      | Reached skill level 1 in Transmutations
 11779 | D:7      | Identified the cursed +1 flail "Wihajyq" {crush, rF+ Int+3
                  | SInv}
 11845 | D:7      | Found a staircase to the Ecumenical Temple.
 11869 | Temple   | Entered the Ecumenical Temple
 12109 | Temple   | Became a worshipper of Sif Muna the Loreminder
 12165 | D:7      | Found a stormy altar of Qazlal.
 12342 | D:8      | Noticed a manticore
 12349 | D:8      | Killed a manticore
 12349 | D:8      | Reached skill level 1 in Invocations
 12725 | D:7      | Slain by an orc warrior

Vault maps used:
D:1:      enne_arrival_octagon_isle, tso_metal_star
D:2:      nicolae_ru_path_of_blood, first_ration, kennysheep_another_room
D:3:      lightli_temple_of_fire, elyvilon_altar_3, uniq_ijyb
D:4:      grunt_temple_overflow_champion_of_chaos
D:5:      minmay_misc_feat_nine_boxes, due_unseen_surprise, uniq_blork_the_orc,
          uniq_prince_ribbit1
D:6:      grunt_temple_overflow_gold_and_silver, nicolae_overflow_hidden_temple,
          lemuel_crystal_altar, ebering_ghost_rock_garden, st_stairs_14
D:7:      grunt_qazlal_clouds, overflow_temple_1_default,
          minmay_temple_entry_junction
D:8:      cheibrodos_fzero, kennysheep_mini, erik_lair_orcish_takeover
Temple:   compressed_dpeg_triangle_lava_temple

Skill      XL: |  1  2  3  4  5  6  7  8  9 |
---------------+----------------------------+-----
Conjurations   | 2 3 4 5 7 8 |  8.5
Fighting       | 1 2 3 |  3.1
Spellcasting   | 3 4 5 6 |  6.9
Air Magic      | 5 6 8 9 |  9.8
Dodging        | 4 |  4.0
Summonings     | 2 |  2.6
Transmutations | 1 |  1.6
Invocations    | 1 |  1.1
Stealth        | |  2.0

Action                   |  1- 3 |  4- 6 |  7- 9 || total
-------------------------+-------+-------+-------++-------
Melee: Unarmed           |    13 |       |       ||    13
       Kick              |     4 |     7 |    22 ||    33
       Peck              |     1 |     5 |    15 ||    21
       Dagger            |     7 |    15 |       ||    22
       Spear             |       |    13 |     5 ||    18
       Short sword       |       |    15 |    98 ||   113
       Flail             |       |       |    13 ||    13
Throw: Stone             |    13 |     4 |     3 ||    20
       Javelin           |       |       |     2 ||     2
 Cast: Shock             |    98 |   101 |    99 ||   298
       Airstrike         |       |     4 |    15 ||    19
       Lightning Bolt    |       |       |    25 ||    25
       Call Imp          |       |       |     6 ||     6
       Sticks to Snakes  |       |       |     6 ||     6
       Static Discharge  |       |       |     1 ||     1
Evoke: Wand              |       |       |     4 ||     4
  Use: Scroll            |       |     7 |     8 ||    15
       Potion            |       |       |     5 ||     5
 Stab: Sleeping          |       |     1 |     1 ||     2
  Eat: Chunk             |     8 |    10 |    16 ||    34
       Ration            |       |       |     4 ||     4
Armor: Robe              |    20 |    15 |    16 ||    51
Dodge: Dodged            |    41 |    42 |    75 ||   158

Table legend:
 A = Non-vault XP
 B = Vault XP
 C = Vault XP percentage of total XP
 D = Non-vault monster count
 E = Vault monster count
 F = Vault count percentage of total count
                 A         B        C        D         E       F
            +---------+---------+-------+---------+---------+-------
      Total |    3028 |    1229 |  28.9 |     166 |      10 |   5.7
            +---------+---------+-------+---------+---------+-------
        D:1 |      49 |       0 |   0.0 |      29 |       0 |   0.0
        D:2 |      38 |       0 |   0.0 |      18 |       0 |   0.0
        D:3 |     138 |      35 |  20.2 |      35 |       1 |   2.8
        D:4 |     225 |      50 |  18.2 |      13 |       1 |   7.1
        D:5 |    1078 |     371 |  25.6 |      30 |       3 |   9.1
        D:6 |     709 |     170 |  19.3 |      15 |       2 |  11.8
        D:7 |     739 |       0 |   0.0 |      21 |       0 |   0.0
        D:8 |      52 |     603 |  92.1 |       5 |       3 |  37.5
            +---------+---------+-------+---------+---------+-------
